 Dungeon Crawl Stone Soup version 0.30-a0-570-g486de37d69 (webtiles) character file.

Game seed: 3449888242654338800

46 jt the Digger (level 4, -5/37 HPs)
             Began as a Meteoran Wanderer on Dec 29, 2022.
             Was a Believer of Zin.
             Slain by a gnoll
             ... wielding a +0 halberd
              (9 damage)
             ... on level 2 of the Dungeon.
             The game lasted 00:03:30 (367 turns).

jt the Digger (Meteoran Wanderer)                    Turns: 367, Time: 00:03:31

Health: -5/37      AC:  4    Str:  9 (12) XL:     4   Next: 13%
Magic:  14/16      EV: 12    Int: 10 (13) God:    Zin [**....]
Gold:   46         SH:  0    Dex: 14 (17) Spells: 4/5 levels left

rFire   . . .      SeeInvis .    a - +2 quarterstaff
rCold   . . .      Faith    .    (shield currently unavailable)
rNeg    + . .      Spirit   .    e - +0 leather armour
rPois   .          Reflect  .    (no helmet)
rElec   .          Harm     .    (no cloak)
rCorr   .          Rampage  .    t - +0 pair of gloves
Will    .....                    (no boots)
Stlth   +                        (no amulet)
HPRegen 0.26/turn                i - ring of magical power
MPRegen 0.15/turn                n - ring of positive energy

@: glowing
A: sense surroundings 1, otherworldly, glowing, explore regen
a: Renounce Religion, Recite, Vitalisation, Donate Gold


You were on level 2 of the Dungeon.
You worshipped Zin.
Zin was pleased with you.
You visited 1 branch of the dungeon, and saw 2 of its levels.

You collected 51 gold pieces.
You donated 5 gold pieces to Zin.

Inventory:

Hand Weapons
 a - a +2 quarterstaff (weapon)
 c - a +0 dagger
Missiles
 b - 10 boomerangs (quivered)
 f - 12 stones
 r - 6 poisoned darts
Armour
 e - a +0 leather armour (worn)
 j - a +0 ring mail
 t - a +0 pair of gloves (worn)
Jewellery
 i - a ring of magical power (left hand)
 n - a ring of positive energy (right hand)
Scrolls
 g - a scroll of teleportation
 m - a scroll of magic mapping
 o - a scroll of fog {unknown}
 s - a scroll of fear {unknown}
Potions
 k - a potion of invisibility {unknown}
 l - a potion of ambrosia {unknown}
 p - a potion of might {unknown}
 q - a potion of flight {unknown}


   Skills:
 + Level 2.9 Fighting
 + Level 3.3 Staves
 - Level 1.2 Throwing
 - Level 1.0 Armour
 + Level 2.4 Dodging
 - Level 1.3 Spellcasting
 - Level 3.6 Earth Magic


You had 4 spell levels left.
You knew the following spells:

 Your Spells              Type           Power      Damage    Failure   Level
a - Sandblast             Erth           14%        2d6       11%         1

Your spell library contained the following spells:

 Spells                   Type           Power      Damage    Failure   Level
 Stone Arrow              Conj/Erth      8%         3d7       54%         3


Dungeon Overview and Level Annotations

Branches:
Dungeon (2/15) Zot: 818

Altars:
Zin


Innate Abilities, Weirdness & Mutations

You passively map a small area around you.
You are easily found by Zot.
You glow in the dark.
You regain HP and MP as you explore.


Message History

You barely miss the gnoll.
The gnoll is lightly wounded.
The gnoll hits you with a +0 flail. The gnoll barely misses you.
You hit the gnoll but do no damage.
The gnoll is lightly wounded.
The gnoll hits you with a +0 flail.
The gnoll hits you from afar with a +0 halberd!
Casting: Sandblast (safe; 8% risk of failure)
Confirm with . or Enter, or press ? or * to list all spells.
Aiming: Sandblast (safe; 8% risk of failure)
Press: ? - help, Shift-Dir - straight line, f - gnoll
Aim: a gnoll, wielding a +0 halberd (84% to hit)
The blast of sand hits the gnoll.
The gnoll is moderately wounded.
The gnoll hits you with a +0 flail.
* * * LOW HITPOINT WARNING * * *
The gnoll barely misses you. The gnoll hits you but does no damage.
The gnoll hits you with a +0 flail.
* * * LOW HITPOINT WARNING * * *
You feel better. The gnoll closely misses you.
The gnoll hits you from afar with a +0 halberd!
* * * LOW HITPOINT WARNING * * *
You feel better. The gnoll hits you with a +0 flail!
* * * LOW HITPOINT WARNING * * *
The gnoll closely misses you.
You aren't carrying any items that you can evoke.
Okay, then.
Okay, then.
Okay, then.
Unknown command.
Okay, then.
Okay, then.
Okay, then.
It was a potion of degeneration.
There was something very wrong with that liquid.
You feel weakened.
You feel dopey.
You feel clumsy. The gnoll hits you with a +0 flail.
* * * LOW HITPOINT WARNING * * *
The gnoll hits you from afar with a +0 halberd!
You die...

#........#####...#
#.........[......##
#<......###.......#
#.......#*##.#.#...
##.######*.....#.#.
#.# #.....##... #.#
#.....####.
******#.# #.....# ##
*,,,,,#@# #)....# #
*,,,,,#g# ***#.####*
# *,,,,,#g# *,,,,* #
*,,,,,..#**,,,,* #
*,,,,....**,,,,* #
*,,,...#.***,***
*,,.).#*..,,,,,****
*,....**##**,,,,,,**
*.....* ***,,,,,***


You could see 2 gnolls.

Vanquished Creatures
  An adder (D:2)
  A gnoll (D:2)
  2 dart slugs
  2 bats
  3 endoplasms (D:1)
  2 giant cockroaches (D:1)
  A goblin (D:1)
  2 hobgoblins (D:1)
  A quokka (D:1)
  4 ball pythons
  A frilled lizard (D:1)
  A kobold (D:1)
21 creatures vanquished.

Vanquished Creatures (others)
  2 fungi (D:1)
2 creatures vanquished.

Grand Total: 23 creatures vanquished

Notes
Turn   | Place    | Note
-------+----------+-------------------------------------------
     0 | D:1      | jt the Meteoran Wanderer began the quest for the Orb.
     0 | D:1      | jt set off with the following items: a +2 quarterstaff, 10
                  | boomerangs, a +0 dagger, a potion of curing, a +0 leather
                  | armour; and the following spell memorised: Sandblast; and
                  | the following spells available to memorise: Stone Arrow.
     0 | D:1      | Reached XP level 1. HP: 17/17 MP: 3/3
   109 | D:1      | Reached XP level 2. HP: 25/25 MP: 5/5
   172 | D:1      | Found a faded altar of an unknown god.
   176 | D:1      | Prayed at the altar of an unknown god.
   176 | D:1      | Became a worshipper of Zin the Law-Giver
   176 | D:1      | Reached * piety under Zin
   219 | D:1      | Reached skill level 1 in Armour
   224 | D:1      | Reached XP level 3. HP: 23/30 MP: 6/6
   343 | D:2      | Reached ** piety under Zin
   358 | D:2      | Reached XP level 4. HP: 35/37 MP: 7/7
   367 | D:2      | Slain by a gnoll

Illustrated notes

Levels and vault maps discovered:
D:1:      lordsloth_arrival_two_stooges, layout_basic,
          shapermc_ecumenical_altar_petra, minivault_4, minmay_unequal
D:2:      layout_rooms, uniq_natasha, uniq_robin

Skill      XL: |  1  2  3 |
---------------+----------+-----
Armour         | 1 |  1.0
Dodging        | 2 |  2.4
Staves         | 3 |  3.3
Fighting       | |  2.9
Throwing       | |  1.2
Spellcasting   | |  1.3
Earth Magic    | |  3.6

Action                   |  1- 3 |  4- 6 || total
-------------------------+-------+-------++-------
Melee: Quarterstaff      |    28 |     5 ||    33
Throw: Boomerang         |     2 |       ||     2
 Cast: Sandblast         |    17 |     1 ||    18
  Use: Scroll            |     2 |       ||     2
       Potion            |       |     3 ||     3
Armor: Leather armour    |     4 |     1 ||     5
Dodge: Dodged            |    12 |     9 ||    21

Table legend: (Time is in decaauts)
 A = Elapsed time spent in this place.
 B = Non-inter-level travel time spent in this place.
 C = Inter-level travel time spent in this place.
 D = Time resting spent in this place.
 E = Time spent auto-exploring this place.
 F = Levels seen in this place.
 G = Mean time per level.
                   A        B        C        D        E       F      G
               +--------+--------+--------+--------+--------+-----+--------+
         Total |    380 |    380 |      0 |      0 |      0 |   2 |  190.0 |
       Dungeon |    380 |    380 |      0 |      0 |      0 |   2 |  190.0 |
               +--------+--------+--------+--------+--------+-----+--------+

Top non-repeatable levels by time:
     D:1: 261 daAuts
     D:2: 118 daAuts
